[Event "*** SCC Grand Prix: Titled Tuesday Blitz"]
[Site "Chess.com"]
[Date "2020.10.13"]
[Round "6"]
[White "Julianos82"]
[Black "Korchmar_Vasiliy"]
[Result "0-1"]
[WhiteElo "2320"]
[BlackElo "2578"]
[TimeControl "180+1"]
[EndTime "11:07:17 PDT"]
[Termination "Korchmar_Vasiliy won on time"]

1. d4 Nf6 2. Nf3 d5 3. Bg5 Ne4 4. Bh4 h5 5. Nbd2 f6 6. Bg3 g5 7.
h4 Nxg3 8. fxg3 g4 9. Ng1 Qd6 10. Kf2 Nc6 11. e3 e5 12. Ne2 Bh6 13. Nb3 Bf5 14.
dxe5 fxe5 15. c4 O-O 16. Kg1 Bxe3+ 17. Kh2 d4 18. c5 Qg6 19. Nec1 Rad8 20. Nd3 e4 21.
Nf4 Bxf4 22. gxf4 g3+ 23. Kg1 e3 24. Be2 d3 25. Bxh5 Qh6 26. Qf3 d2 27. Bg4 Bc2 28.
Qxg3 Kh8 29. Qxe3 d1=Q+ 30. Bxd1 Bxd1 31. Nd2 Qxf4 32. Qxf4 Rxf4 33. Rxd1 Rfd4 34. Kf2 Rxd2+ 35. Rxd2 Rxd2+ 36. Ke3 Rxb2 37. g4 Rc2 38. g5 Rxc5 39. Kf4 Nd4 40. Rd1 Ne6+ 41. Kg4 Rc4+ 42. Kh5 Ng7+ 43. Kg6 Rc6+ 44. Kf7 Rd6 45. Re1 Rd7+ 46. Kg6 Rd6+ 0-1

[Event "*** SCC Grand Prix: Titled Tuesday Blitz"]
[Site "Chess.com"]
[Date "2020.10.13"]
[Round "6"]
[White "tsvet2005"]
[Black "GigaQuparadze"]
[Result "1-0"]
[WhiteElo "2717"]
[BlackElo "2944"]
[TimeControl "180+1"]
[EndTime "11:07:18 PDT"]
[Termination "tsvet2005 won by resignation"]

1. d4 Nf6 2. c4 e6 3. Nc3 Bb4 4. f3 d5 5. a3 Bxc3+ 6. bxc3 c5 7.
cxd5 exd5 8. e3 O-O 9. Bd3 b6 10. Ne2 Ba6 11. O-O Bxd3 12. Qxd3 Re8 13. Ng3 Nc6 14. Bb2 h5 15. Rad1 h4 16. Nh1 Qe7 17. Rfe1 Rad8 18. Nf2 g6 19. e4 dxe4 20. fxe4 Nh5 21.
Qf3 Qf6 22. Qxf6 Nxf6 23. e5 Nh5 24. Ng4 cxd4 25. cxd4 Ne7 26. Rf1 Kg7 27. Nf6 Nd5 28. Nxe8+ Rxe8 29. Rc1 Nhf4 30. Rxf4 Nxf4 31. Rc7 Kg8 32.
g3 hxg3 33. hxg3 Nd5 34. Rd7 Ne3 35. Bc1 Nf5 36. g4 Ng7 37. Bg5 Ne6 38. Bf6 Rc8 39.
d5 Nf4 40. Kf2 Kf8 41. Kf3 g5 42. Bxg5 Ng6 43. Bf6 a5 44. Rb7 Ke8 45. d6 Rc3+ 46. Ke4 Rc4+ 47. Kd3 1-0

[Event "*** SCC Grand Prix: Titled Tuesday Blitz"]
[Site "Chess.com"]
[Date "2020.10.13"]
[Round "6"]
[White "FMKonstantin_Twitch"]
[Black "Oleksandr_Bortnyk"]
[Result "0-1"]
[WhiteElo "2558"]
[BlackElo "2884"]
[TimeControl "180+1"]
[EndTime "11:07:18 PDT"]
[Termination "Oleksandr_Bortnyk won by resignation"]

1. e4 Nf6 2. Nc3 d5 3. e5 Nfd7 4. f4 c5 5. Nf3 Nc6 6. Bb5 a6 7. Bxc6 bxc6 8. O-O Nb6 9. d3 Bg4 10. Qe1 e6 11. Qg3 Bxf3 12. Qxf3 g6 13. Bd2 Be7 14. Rae1 h5 15. g3 a5 16. Kg2 a4 17. a3 Qc7 18.
Rh1 h4 19. g4 h3+ 20. Kf1 c4 21. d4 Qb7 22. f5 Nd7 23. Nd1 c5 24. c3 Qb3 25.
Qf2 Bh4 26. Qe2 Bxe1 27. Bxe1 cxd4 28. cxd4 Qd3 29. Qxd3 cxd3 30. f6 Rb8 31. Bc3 Rb3 32. Ke1 O-O 33. Rg1 Nb6 34. Kd2 Nc4+ 35. Kxd3 Rc8 36.
Ke2 Nxb2 37. Bxb2 Rc2+ 38. Ke1 Rg2 39. Rf1 Rxh2 40. Bc1 Rb1 41. Be3 Rg2 42. Rh1 h2 43. g5 Ra2 44. Bd2 Raa1 45. Rxh2 Rxd1+ 46. Ke2 Rh1 47. Rg2 Rxa3 48. Rf2 Ra2 49. Kd3 Rh3+ 50.
Ke2 a3 51. Kd1 Rh1+ 52. Ke2 Rxd2+ 53. Kxd2 a2 54. Kc3 a1=Q+ 55. Rb2 Rb1 0-1

[Event "*** SCC Grand Prix: Titled Tuesday Blitz"]
[Site "Chess.com"]
[Date "2020.10.13"]
[Round "6"]
[White "fabianvivasz"]
[Black "natelleka"]
[Result "1-0"]
[WhiteElo "2344"]
[BlackElo "2173"]
[TimeControl "180+1"]
[EndTime "11:07:18 PDT"]
[Termination "fabianvivasz won on time"]

1. e4 e5 2. Nf3 Nf6 3. d4 Nxe4 4. Bd3 Nc6 5. d5 Nc5 6. O-O e4 7. Re1 Be7 8. Bxe4 Nb8 9. d6 cxd6 10. Nc3 O-O 11. Nd5 Nxe4 12. Rxe4 Bf6 13. Bf4 Bxb2 14. Bxd6 Bxa1 15. Qxa1 Nc6 16. Bc7 f5 17. Re1 Qe8 18. Rxe8 Rxe8 19. h4 b6 20. Bf4 Bb7 21. Nc7 Rac8 22.
Nxe8 Rxe8 23. Qc3 h6 24. Ne5 Re7 25. Qg3 Nd4 26. Kh2 Ne2 27. Qe3 Nxf4 28. Qxf4 d6 29. Ng6 Rf7 30. Qxd6 Rf6 31. Qb8+ Kh7 32. Nf8+ Kg8 33.
Nd7+ 1-0

[Event "*** SCC Grand Prix: Titled Tuesday Blitz"]
[Site "Chess.com"]
[Date "2020.10.13"]
[Round "6"]
[White "Mikhail_Golubev"]
[Black "Unknown_IM"]
[Result "0-1"]
[WhiteElo "2522"]
[BlackElo "2376"]
[TimeControl "180+1"]
[EndTime "11:07:21 PDT"]
[Termination "Unknown_IM won on time"]

1. e4 d6 2. d4 Nf6 3. Nc3 e5 4.
Nf3 Nbd7 5. Bc4 Be7 6. a4 O-O 7. O-O c6 8. Re1 exd4 9. Nxd4 Ne5 10. Bb3 Qc7 11. Bf4 Ng6 12. Bg3 Bd7 13. h3 Rfe8 14. Qd2 Bf8 15. Rad1 Rad8 16. Bh2 Qb6 17. Kh1 Bc8 18. f4 d5 19. e5 Ne4 20. Nxe4 dxe4 21.
Qf2 Bc5 22. Bg1 Ne7 23. a5 Qxa5 24. Rxe4 Nf5 25. c3 Qb6 26. Ba2 Nxd4 27. cxd4 Bf8 28. Ree1 Bf5 29. Qe2 Be6 30. d5 Bxd5 31. Bxb6 axb6 32.
Bxd5 cxd5 33. Rb1 Bc5 34. Red1 d4 35. g3 Bb4 0-1

[Event "*** SCC Grand Prix: Titled Tuesday Blitz"]
[Site "Chess.com"]
[Date "2020.10.13"]
[Round "6"]
[White "kingofthenil"]
[Black "Yashasd1995"]
[Result "1/2-1/2"]
[WhiteElo "2465"]
[BlackElo "2598"]
[TimeControl "180+1"]
[EndTime "11:07:22 PDT"]
[Termination "Game drawn - insufficient material"]

1. e4 d5 2. Nc3 dxe4 3. Nxe4 Bf5 4. Ng3 Bg6 5. h4 h6 6. Nf3 Nd7 7. Bc4 e6 8. Qe2 Ngf6 9. h5 Bh7 10. O-O Bd6 11. d4 Bxg3 12. fxg3 Nb6 13. Bb3 O-O 14. c3 Nxh5 15. Ne5 Nxg3 16. Qg4 Nxf1 17. Bxh6 Qf6 18.
Bg5 Qf5 19. Qxf5 Bxf5 20. Rxf1 Rae8 21. g4 Bh7 22. Bd2 f6 23. Nf3 c6 24. Re1 Nd5 25.
c4 Nc7 26. Bb4 Rf7 27. Bd6 Rd7 28. c5 Nd5 29. Kf2 Bg6 30. g5 Bf5 31. Nh4 Kf7 32. Rg1 fxg5 33. Rxg5 Kf6 34. Nf3 Rxd6 35. cxd6 Rd8 36.
Bxd5 cxd5 37. Kg3 Rxd6 38. Kf4 Rc6 39. Ne5 Rc2 40. Nd7+ Kf7 41. Ne5+ Kf8 42. Nd7+ Kg8 43. Nc5 Rxb2 44. a3 Rd2 45. Ke5 Kf7 46. Nxb7 Re2+ 47. Kd6 Kf6 48. Rg1 g5 49. Nc5 g4 50. Nd7+ Kg5 51. Ne5 Kf4 52. Rf1+ Kg5 53. Rg1 Re3 54.
Nf7+ Kf4 55. Rf1+ Rf3 56. Rg1 g3 57. Ne5 Rxa3 58. Ke7 Be4 59. Kf6 g2 60. Nc6 Kg3 61.
Kxe6 Kf2 62. Rxg2+ Kxg2 63. Kd6 Rb3 64. Kc5 a5 65.
Nxa5 Rc3+ 66. Kd6 Rc2 67. Nc6 Kf2 68. Nb4 Ke3 69. Nxc2+ Kd3 70. Nb4+ Kxd4 71. Nxd5 1/2-1/2

[Event "*** SCC Grand Prix: Titled Tuesday Blitz"]
[Site "Chess.com"]
[Date "2020.10.13"]
[Round "6"]
[White "anon102030"]
[Black "Jospem"]
[Result "0-1"]
[WhiteElo "2730"]
[BlackElo "2944"]
[TimeControl "180+1"]
[EndTime "11:07:23 PDT"]
[Termination "Jospem won by resignation"]

1. e4 c5 2. Nc3 Nc6 3. g3 g6 4. Bg2 Bg7 5. d3 d6 6. Be3 e6 7. f4 Nge7 8. Nf3 Nd4 9. O-O O-O 10.
Qd2 Bd7 11. Nh4 f5 12. Rae1 Rc8 13. Nd1 b5 14. c3 Ndc6 15. e5 dxe5 16. Bxc5 exf4 17.
gxf4 Re8 18. Nf3 Nd5 19. d4 Bh6 20. Ne5 Nxe5 21. Rxe5 Nf6 22. Nf2 a5 23. Rfe1 Bc6 24.
Rxe6 Rxe6 25. Rxe6 Bxg2 26. Rd6 Qe8 27. Kxg2 Ne4 28.
Nxe4 Qxe4+ 29. Kg3 Re8 30. d5 Bf8 31. Rc6 Bxc5 32.
Rxc5 Qh1 33. Kh4 Qg1 34. h3 Qxc5 35. d6 Rd8 36. d7 Qe7+ 37. Kg3 Rxd7 38. Qf2 Qd6 39.
Kh4 Qf6+ 40. Kg3 Qe6 41. Qc5 Rd3+ 42. Kf2 Qd6 43. Qc8+ Kg7 44. Qb7+ Kh6 45. Qxb5 Qxf4+ 46. Ke2 Rd2+ 0-1

[Event "*** SCC Grand Prix: Titled Tuesday Blitz"]
[Site "Chess.com"]
[Date "2020.10.13"]
[Round "6"]
[White "banane_verte"]
[Black "JosefineHeinemann"]
[Result "0-1"]
[WhiteElo "2436"]
[BlackElo "2620"]
[TimeControl "180+1"]
[EndTime "11:07:23 PDT"]
[Termination "JosefineHeinemann won by resignation"]

1. e4 c5 2. Nc3 Nc6 3. Bb5 Nd4 4.
Nf3 Nxb5 5. Nxb5 d5 6. exd5 a6 7. Nc3 Nf6 8. h3 Nxd5 9. Nxd5 Qxd5 10. d4 cxd4 11. Qxd4 Qxd4 12. Nxd4 e5 13. Nf3 f6 14. Be3 Be6 15. O-O Be7 16. Nd2 Kf7 17. Ne4 Rac8 18. c3 h6 19. f4 exf4 20. Bxf4 Rhd8 21. Rfd1 Bd5 22. Ng3 Bc5+ 23. Kh2 Bc6 24. Nf5 g5 25.
Bd6 Ke6 26. Bxc5 Kxf5 27. Be7 Rxd1 28. Rxd1 Ke6 29. Re1+ Kf7 30. Bb4 Rd8 31. Re7+ Kg6 32. c4 Rd4 33. b3 Rf4 34. Bc5 h5 35. Re6 h4 36. Be3 Rf1 37. Bd4 Kf7 38. Rd6 Ke7 39. Bc5 Kf7 40. Bd4 Rf5 41. a3 Ke7 42. c5 Rf4 43. Be3 Re4 44. Bg1 Re2 45. Rxc6 bxc6 46. b4 Ra2 47. Bf2 Rxa3 48. Be1 Ra2 49. Bc3 Ke6 50.
Kg1 Rc2 51. Be1 Kd5 52. Kf1 Kc4 53. Bf2 Rxf2+ 54. Kxf2 Kxb4 55. Kf3 a5 56. g3 hxg3 57. Kxg3 a4 0-1

[Event "*** SCC Grand Prix: Titled Tuesday Blitz"]
[Site "Chess.com"]
[Date "2020.10.13"]
[Round "6"]
[White "Beca95"]
[Black "TimofeevAr"]
[Result "1/2-1/2"]
[WhiteElo "2914"]
[BlackElo "2822"]
[TimeControl "180+1"]
[EndTime "11:07:25 PDT"]
[Termination "Game drawn - insufficient material"]

1. e3 g6 2. c4 Bg7 3. Nc3 e6 4. d4 Ne7 5. Nf3 d5 6. b3 O-O 7. Bb2 b6 8. Be2 Bb7 9. cxd5 Nxd5 10. O-O c5 11. Rc1 Nd7 12. Nxd5 Bxd5 13. Ba6 Nb8 14.
Bd3 Nd7 15. Ne5 Nxe5 16. dxe5 Qe7 17. Qe2 Rfd8 18. Rfd1 a5 19. Bb5 Qb7 20. f3 Bh6 21. Kf2 Bf8 22. h4 h5 23. Rc2 Be7 24. Kg3 Bc6 25.
Rcd2 Rxd2 26. Rxd2 Rd8 27. Rxd8+ Bxd8 28. Bxc6 Qxc6 29.
Qd3 Bc7 30. a4 Qd5 31. Qxd5 exd5 32. f4 Kf8 33. Kf3 Ke7 34. g4 Ke6 35. Bc3 Bd8 36. Be1 f5 37. g5 c4 38. bxc4 dxc4 39. e4 Be7 40. Bf2 c3 41. exf5+ Kxf5 42. Ke2 Bd8 43. Be3 Ke4 44. e6 c2 45. Bc1 Be7 46. Kd2 Kxf4 47. Kxc2+ Ke5 48. Be3 Kxe6 49. Bxb6 Bb4 50. Kd3 Be1 51.
Ke4 Bxh4 52. Bxa5 Bxg5 53. Be1 Be7 54. a5 Bc5 55. a6 Kd7 56. Kf4 Kc6 57. Kg5 Kb6 58.
Kxg6 Kxa6 59. Kxh5 1/2-1/2

[Event "*** SCC Grand Prix: Titled Tuesday Blitz"]
[Site "Chess.com"]
[Date "2020.10.13"]
[Round "6"]
[White "xamax2000"]
[Black "TrimitziosP7"]
[Result "0-1"]
[WhiteElo "2671"]
[BlackElo "2837"]
[TimeControl "180+1"]
[EndTime "11:07:25 PDT"]
[Termination "TrimitziosP7 won on time"]

1. d4 Nf6 2. c4 e6 3. Nf3 c5 4.
d5 exd5 5. cxd5 b5 6. g3 d6 7.
e4 a6 8. Bg2 Be7 9. e5 dxe5 10.
Nxe5 Bd6 11. Nc6 Nxc6 12. dxc6 Qc7 13. O-O O-O 14. Bg5 Be7 15. Nc3 Be6 16. Qe2 Bc4 17. Qc2 Bxf1 18. Rxf1 Rad8 19. Bxf6 Bxf6 20. Nd5 Qd6 21.
Rd1 Bd4 22. b4 Kh8 23. bxc5 Bxc5 24. c7 Rc8 25. Rc1 Ba3 26. Qc6 Qe5 27. Rd1 Qe2 28. Ne3 b4 29. Qb7 Rce8 30. Rf1 Qxa2 31. Bh3 a5 32.
c8=Q Rxc8 33. Bxc8 b3 34. Bf5 Bb4 35. Qe4 Qb2 36.
Bxh7 g6 37. Qh4 Kg7 0-1

[Event "*** SCC Grand Prix: Titled Tuesday Blitz"]
[Site "Chess.com"]
[Date "2020.10.13"]
[Round "6"]
[White "nrvisakh"]
[Black "vaishali2001"]
[Result "0-1"]
[WhiteElo "2797"]
[BlackElo "2588"]
[TimeControl "180+1"]
[EndTime "11:07:26 PDT"]
[Termination "vaishali2001 won on time"]

1. e4 c5 2. Nf3 Nc6 3. d4 cxd4 4. Nxd4 Nf6 5. Nc3 d6 6. Bg5 e6 7. Qd2 a6 8. O-O-O Be7 9. f3 Nxd4 10. Qxd4 O-O 11. Kb1 b5 12. h4 Bb7 13. h5 h6 14.
Be3 Rc8 15. g4 d5 16. e5 Bc5 17. Qf4 Bxe3 18. Qxe3 Nd7 19. Bd3 b4 20. Ne2 Qc7 21. f4 d4 22. Nxd4 Bxh1 23. Rxh1 Nc5 24. g5 Nxd3 25.
cxd3 Rfd8 26. gxh6 Rxd4 27. Qg1 f5 28. hxg7 Rxf4 29. h6 Rg4 30. h7+ Kxg7 31. Qh2 Kh8 32. Qh6 Qf7 33. Ka1 b3 34. axb3 Rg6 35. Qh5 Rg1+ 0-1

[Event "*** SCC Grand Prix: Titled Tuesday Blitz"]
[Site "Chess.com"]
[Date "2020.10.13"]
[Round "6"]
[White "MathiasWomacka"]
[Black "ferdipy"]
[Result "1-0"]
[WhiteElo "2490"]
[BlackElo "2323"]
[TimeControl "180+1"]
[EndTime "11:07:26 PDT"]
[Termination "MathiasWomacka won on time"]

1. e4 e6 2. d4 d5 3. Nd2 Nf6 4. e5 Nfd7 5. Bd3 c5 6. c3 Nc6 7.
Ne2 cxd4 8. cxd4 f6 9. exf6 Nxf6 10. Nf3 Bd6 11. O-O Qc7 12. Nc3 a6 13. Bd2 O-O 14. Rc1 Bd7 15. Re1 Rae8 16. Na4 b6 17. Bxa6 Ne4 18.
Be3 Qd8 19. Bb5 Nb8 20. Bxd7 Nxd7 21. Nc3 Ndf6 22. h3 Nxc3 23. bxc3 Ne4 24. Nd2 Qh4 25.
Nxe4 Qxe4 26. Rb1 Bc7 27. Qg4 Qc2 28. Qe2 Qf5 29. c4 e5 30. dxe5 Rxe5 31. cxd5 Rxd5 32. Qc4 Qf7 33. Rbd1 Rxd1 34. Qxf7+ Kxf7 35. Rxd1 Ke6 36. Rb1 Ra8 37. Bxb6 Bd6 38. Re1+ Kd7 39. Re2 g5 40. Be3 h5 41. Bxg5 1-0

[Event "*** SCC Grand Prix: Titled Tuesday Blitz"]
[Site "Chess.com"]
[Date "2020.10.13"]
[Round "6"]
[White "Eliwood44"]
[Black "VitaliyBernadskiy"]
[Result "0-1"]
[WhiteElo "2425"]
[BlackElo "2752"]
[TimeControl "180+1"]
[EndTime "11:07:27 PDT"]
[Termination "VitaliyBernadskiy won on time"]

1. d4 g6 2. Nf3 Bg7 3. e4 d6 4.
Nc3 c6 5. a4 Nf6 6. h3 O-O 7.
Be3 Nbd7 8. Qd2 e5 9. dxe5 dxe5 10. Bc4 Qe7 11. O-O Nc5 12. Bd3 Rd8 13. Qe2 Nxd3 14.
cxd3 b6 15. a5 Ba6 16. Rfd1 c5 17. Bg5 Bb7 18. Nd5 Bxd5 19. exd5 bxa5 20. Qxe5 Qxe5 21.
Nxe5 Rxd5 22. Bxf6 Bxf6 23. Nc4 Bd8 24. Nxa5 Bxa5 25. Rxa5 Rb8 26. Rc1 Rxb2 27. Raxc5 Rxd3 28. Rc7 Rdd2 29. Rf1 a5 30. Ra7 Ra2 31. g3 a4 32.
Kg2 h5 33. h4 a3 34. Kf3 Kg7 35. Ke3 Re2+ 36. Kf3 Reb2 37. Ra6 Rb3+ 38. Kg2 Rc2 39.
Ra4 a2 40. Ra6 Rbb2 41. Ra5 Kf6 42. Ra6+ Ke5 43. Ra5+ Kd4 44. Ra4+ Kc5 45. Ra7 Kb6 46. Ra3 Rb5 47. Ra1 Rf5 0-1

[Event "*** SCC Grand Prix: Titled Tuesday Blitz"]
[Site "Chess.com"]
[Date "2020.10.13"]
[Round "6"]
[White "Tayson_7"]
[Black "Grieve72"]
[Result "1-0"]
[WhiteElo "2609"]
[BlackElo "2467"]
[TimeControl "180+1"]
[EndTime "11:07:28 PDT"]
[Termination "Tayson_7 won by resignation"]

1. Nf3 d5 2. g3 e6 3. c4 dxc4 4.
Bg2 c6 5. O-O b5 6. a4 Bb7 7. b3 cxb3 8. Qxb3 b4 9. Bb2 Nf6 10. d3 c5 11. Nbd2 Nbd7 12. a5 a6 13. Rfc1 Be7 14. e4 O-O 15. Nc4 Qc7 16. Nfe5 Rac8 17.
h4 Rfd8 18. Nxd7 Nxd7 19. d4 Rb8 20. d5 Nf6 21. d6 Bxd6 22. e5 Ne8 23. exd6 Nxd6 24.
Be5 Bxg2 25. Kxg2 Qc6+ 26. Qf3 Nxc4 27. Qxc6 Nxe5 28. Qe4 Nd3 29. Rd1 Nb2 30. Rxd8+ Rxd8 31. Rb1 Na4 32. Qc6 Nc3 33. Rc1 h5 34. Qxa6 Rd2 35.
Qb7 Nd1 36. Rxd1 Rxd1 37. a6 Ra1 38. a7 c4 39. a8=Q+ Rxa8 40. Qxa8+ Kh7 41. Qe4+ f5 42. Qxc4 1-0

[Event "*** SCC Grand Prix: Titled Tuesday Blitz"]
[Site "Chess.com"]
[Date "2020.10.13"]
[Round "6"]
[White "Jumbo"]
[Black "Tenamu"]
[Result "0-1"]
[WhiteElo "2751"]
[BlackElo "2376"]
[TimeControl "180+1"]
[EndTime "11:07:28 PDT"]
[Termination "Tenamu won on time"]

1. e4 e6 2. d4 d5 3. Nd2 Nf6 4.
e5 Nfd7 5. Bd3 c5 6. c3 Nc6 7. Ne2 Qb6 8. Nf3 cxd4 9. cxd4 f6 10. exf6 Nxf6 11. O-O Bd6 12. a3 O-O 13. Bf4 Bxf4 14. Nxf4 Bd7 15. Re1 Rae8 16. Qd2 a5 17. Rad1 Re7 18.
Bb1 Rfe8 19. Ne5 Nxe5 20. Rxe5 Rf8 21. h3 Qd6 22. Rde1 b6 23. Qe3 Rfe8 24. Rg5 Rf8 25. Re5 Rfe8 26. Qg3 Rf8 27. Qh4 Ne4 28. Bxe4 dxe4 29.
R1xe4 Bc6 30. Re3 Rfe8 31. d5 Bd7 32. Nh5 Rf8 33. Qg3 Bc8 34. Kh2 g6 35. f4 Kh8 36.
dxe6 gxh5 37. f5 Rg7 38. e7 Re8 39. Qh4 Bxf5 40. Kh1 Reg8 41. Rxf5 Qd1+ 0-1

[Event "*** SCC Grand Prix: Titled Tuesday Blitz"]
[Site "Chess.com"]
[Date "2020.10.13"]
[Round "6"]
[White "Kavyev_Ruslan"]
[Black "AlexeiShirov"]
[Result "1/2-1/2"]
[WhiteElo "2561"]
[BlackElo "2823"]
[TimeControl "180+1"]
[EndTime "11:07:30 PDT"]
[Termination "Game drawn by repetition"]

1. d4 d5 2. c4 c6 3. Nf3 Nf6 4. g3 dxc4 5. Bg2 g6 6. O-O Bg7 7. a4 O-O 8. Qc2 Be6 9. Nbd2 Na6 10. Nxc4 Nb4 11. Qc3 a5 12. b3 Nfd5 13. Qd2 b5 14.
Nce5 f6 15. Nd3 Nxd3 16. Qxd3 Nb4 17. Qd2 Bxb3 18. axb5 cxb5 19. Ba3 Qd6 20. Rab1 Bc4 21. Rfc1 Rfd8 22. e3 e5 23. Qb2 Rac8 24. Qa1 e4 25. Nd2 f5 26. Nxc4 Rxc4 27. Rxc4 bxc4 28. Qc3 Rc8 29.
Bxb4 axb4 30. Rxb4 h5 31. Bf1 Kh7 32. Rxc4 Rxc4 33. Qxc4 h4 34. Qf7 hxg3 35. hxg3 Qf6 36. Qe8 Qb6 37. Bc4 Qb1+ 38. Kg2 Qd1 39. Qg8+ Kh6 40.
Qd8 Qg4 41. d5 f4 42. exf4 Qf3+ 43. Kg1 Bd4 44. Qh4+ Kg7 45. Qe7+ Kh6 46. Qh4+ Kg7 47. Qe7+ Kh8 48. Qf8+ Kh7 49. Qe7+ Kh8 50. Qf8+ Kh7 51. Qe7+ Kh6 52. Qh4+ 1/2-1/2

[Event "*** SCC Grand Prix: Titled Tuesday Blitz"]
[Site "Chess.com"]
[Date "2020.10.13"]
[Round "6"]
[White "Ajedrez_con_German"]
[Black "queen_iryna"]
[Result "1-0"]
[WhiteElo "2496"]
[BlackElo "2301"]
[TimeControl "180+1"]
[EndTime "11:07:30 PDT"]
[Termination "Ajedrez_con_German won on time"]

1. d4 d6 2. Bf4 Nf6 3. Nf3 g6 4. h3 Bg7 5. e3 O-O 6. Be2 c5 7. c3 b6 8. O-O Bb7 9. a4 Nbd7 10. Bh2 Ne4 11. Nbd2 a6 12. Qb1 Nxd2 13. Nxd2 Rc8 14. Rc1 Rc7 15. Bf3 Qa8 16. Qd3 Rfc8 17. Re1 Bxf3 18. Nxf3 Qb7 19. h4 b5 20. axb5 axb5 21. h5 c4 22. Qd2 b4 23. hxg6 hxg6 24. e4 bxc3 25. bxc3 Rc6 26. e5 Nf8 27. Ng5 d5 28.
Qf4 f6 29. exf6 exf6 30. Nf3 Ra8 31. Rxa8 Qxa8 32. Bg3 Re6 33. Rb1 Re8 34. Qd6 Re6 35. Qc7 Qc6 36. Qa7 Qa6 37. Qb8 Kh7 38. Rb7 Qa1+ 39.
Kh2 Re2 40. Qc7 Ne6 41. Qf7 1-0

[Event "*** SCC Grand Prix: Titled Tuesday Blitz"]
[Site "Chess.com"]
[Date "2020.10.13"]
[Round "6"]
[White "mr65"]
[Black "VinzentSpitzl"]
[Result "1-0"]
[WhiteElo "2163"]
[BlackElo "2292"]
[TimeControl "180+1"]
[EndTime "11:07:32 PDT"]
[Termination "mr65 won by resignation"]

1. e4 b6 2. d4 Bb7 3. Nc3 e6 4. Bd3 Bb4 5. a3 Bxc3+ 6. bxc3 Nf6 7. Qe2 d5 8. f3 c5 9. e5 Nfd7 10. Qf2 Nc6 11. f4 g6 12. Nf3 Qe7 13. O-O h5 14.
a4 Rc8 15. Ba3 Na5 16. Bb5 Bc6 17. Kh1 Kf8 18. Ng5 Kg7 19. Bd3 Nc4 20. Bc1 h4 21.
Qf3 Nf8 22. g4 hxg3 23. Qxg3 Nh7 24. f5 exf5 25. Bxf5 Bd7 26. e6 fxe6 27. Bxg6 Nf6 28. Nxe6+ Bxe6 29. Bh5+ Kf8 30. Bg5 Rg8 31. Bh6+ Rg7 32.
Qxg7+ Qxg7 33. Rxf6+ Ke7 34. Bxg7 Rg8 35. Re1 Rxg7 36.
Rfxe6+ Kd7 37. Bf3 Rg5 38. Rh6 Nd6 39. Rh7+ Kc6 40.
Re6 cxd4 41. Rhh6 dxc3 42. Rxd6+ Kc5 43. Rxd5+ Rxd5 44. Bxd5 Kxd5 45. Rh7 Kd4 46. Rxa7 Ke3 47. Rb7 Kd2 48. Rxb6 Kxc2 49. Rc6 Kb3 50. Rxc3+ Kxc3 51.
a5 1-0

[Event "*** SCC Grand Prix: Titled Tuesday Blitz"]
[Site "Chess.com"]
[Date "2020.10.13"]
[Round "6"]
[White "Gloomy_Wanderer"]
[Black "WPWPWP-2015"]
[Result "1-0"]
[WhiteElo "2765"]
[BlackElo "2506"]
[TimeControl "180+1"]
[EndTime "11:07:33 PDT"]
[Termination "Gloomy_Wanderer won on time"]

1. d4 Nf6 2. Nf3 e6 3. c4 d5 4. g3 Bb4+ 5. Nc3 O-O 6. Bg2 c6 7.
Qb3 a5 8. O-O Bd6 9. Nd2 Nbd7 10.
e4 dxe4 11. Ndxe4 Nxe4 12. Nxe4 a4 13. Qc2 Be7 14. Bf4 Nf6 15. Rad1 Qa5 16. Bg5 Qd8 17. Bf4 Qa5 18. Bd6 Qd8 19. Nxf6+ gxf6 20. Bf4 Ra5 21. Bd2 Ra6 22. Bh6 Re8 23. d5 cxd5 24. cxd5 Qa5 25.
dxe6 fxe6 26. Qe2 Qf5 27. Be4 Qh3 28. Be3 e5 29. Rc1 f5 30. Bd5+ Kg7 31. Rc7 Rd6 32.
Bg2 Qg4 33. Qxg4+ fxg4 34. Rfc1 Be6 35. Rxb7 Bxa2 36. Bg5 Kf7 37. Be4 h6 38. Be3 Ke6 39. Ra7 Bd5 40. Bxd5+ Rxd5 41. Rxa4 Bd6 42. Rxg4 Rd8 43.
Kg2 Kf5 44. h3 Rb5 45. Bxh6 Rxb2 46. Be3 Be7 47. Rc7 Bf6 48. Rf7 1-0

[Event "*** SCC Grand Prix: Titled Tuesday Blitz"]
[Site "Chess.com"]
[Date "2020.10.13"]
[Round "6"]
[White "Das_Virus_2020"]
[Black "ajedrezhoy"]
[Result "1-0"]
[WhiteElo "2402"]
[BlackElo "2238"]
[TimeControl "180+1"]
[EndTime "11:07:33 PDT"]
[Termination "Das_Virus_2020 won on time"]

1. e4 d5 2. exd5 Qxd5 3. Nc3 Qd8 4. g3 Nf6 5. Bg2 g6 6. Nge2 Bg7 7. d4 O-O 8. O-O c6 9. h3 Nbd7 10. Re1 Nb6 11.
Bg5 h6 12. Bf4 Nfd5 13. Nxd5 cxd5 14. Be5 Bf5 15. Bxg7 Kxg7 16. c3 Qd6 17. Nf4 Rfe8 18. Qe2 Rad8 19. Nd3 Qc7 20. Ne5 Nc8 21. g4 Be6 22.
Qd3 Qb6 23. Re2 Rd6 24. Rae1 Qa6 25. Qb1 Rb6 26. Nd3 Qb5 27. Nc5 Bd7 28. a4 Qc6 29. b4 e6 30. a5 Rb5 31. Re3 Nd6 32. Qd3 Qc7 33. Bf1 b6 34. Nxd7 Qxd7 35. a6 Nc4 36.
Rg3 Rc8 37. Rf3 Nd6 38. Qd2 Qc7 39. Bxb5 Nxb5 40. Ree3 Nd6 41. Qe1 Re8 42. Kg2 Nc4 43.
Re2 Nd6 44. h4 1-0

[Event "*** SCC Grand Prix: Titled Tuesday Blitz"]
[Site "Chess.com"]
[Date "2020.10.13"]
[Round "6"]
[White "Gabrielian_Artur"]
[Black "kingnb"]
[Result "1-0"]
[WhiteElo "2793"]
[BlackElo "2614"]
[TimeControl "180+1"]
[EndTime "11:07:36 PDT"]
[Termination "Gabrielian_Artur won by resignation"]

1. e4 d5 2. exd5 Nf6 3. Nf3 Nxd5 4. d4 Bf5 5. Bd3 Bxd3 6. Qxd3 e6 7. O-O Be7 8. c4 Nf6 9. Nc3 O-O 10. Bf4 Bd6 11. Bg5 Nbd7 12. Rad1 h6 13. Bh4 c6 14. Rfe1 Rc8 15. a3 Qc7 16. c5 Be7 17. Bg3 Qd8 18.
h3 Re8 19. b4 Nf8 20. Ne5 N8h7 21. b5 cxb5 22. Nxb5 a6 23. Nc3 Qa5 24. Nc4 Qd8 25.
Nb6 Rc6 26. a4 Nf8 27. a5 N8d7 28.
Nc4 Nf8 29. Qf3 Ng6 30. Rb1 Qxd4 31. Ne5 Nxe5 32. Bxe5 Qxc5 33. Rxb7 Rf8 34. Rxe7 Nd5 35. Nxd5 exd5 36. Qg3 g6 37. Ba1 d4 38. Qd3 Rd6 39. R7e5 Qc6 40. R5e4 Rfd8 41. Rxd4 Rxd4 42. Bxd4 Qd5 43. Rd1 Qxa5 44. Qe3 Qa4 45. Rd2 Qa5 46. Bc3 Qc7 47. Qe5 Qxe5 1-0

[Event "*** SCC Grand Prix: Titled Tuesday Blitz"]
[Site "Chess.com"]
[Date "2020.10.13"]
[Round "6"]
[White "jacky72"]
[Black "GMSrinath"]
[Result "0-1"]
[WhiteElo "2553"]
[BlackElo "2812"]
[TimeControl "180+1"]
[EndTime "11:07:36 PDT"]
[Termination "GMSrinath won by checkmate"]

1. d4 Nf6 2. c4 e6 3. Nf3 d5 4. Nc3 Bb4 5. cxd5 exd5 6. Bg5 h6 7. Bh4 g5 8. Bg3 Ne4 9. Rc1 c5 10. e3 Nc6 11. Bd3 Bf5 12. O-O Bxc3 13. bxc3 c4 14.
Bb1 h5 15. Ne5 h4 16. Qf3 Qc8 17. Nxc6 Bg4 18. Bxe4 Bxf3 19. Bxf3 hxg3 20. Ne5 gxh2+ 21. Kh1 Qe6 22. e4 dxe4 23. Bxe4 Rb8 24. Rfe1 Kf8 25. Nf3 Qf6 26. Ne5 Kg7 27. Bf3 Qa6 28. Rc2 Rbe8 29.
Rb1 b5 30. Rcb2 f6 31. Ng4 Rb8 32. Ne3 Qa3 33. Nd5 Rhd8 34. Rxb5 Rxb5 35. Rxb5 Rd7 36. Rb1 Qxa2 37. Re1 Qxf2 38. Rb1 g4 39. Be4 f5 40. Bxf5 Qxf5 41. Rf1 Qxf1+ 42. Kxh2 Rxd5 43. g3 Rf5 44. d5 Rf2# 0-1

[Event "*** SCC Grand Prix: Titled Tuesday Blitz"]
[Site "Chess.com"]
[Date "2020.10.13"]
[Round "6"]
[White "Mikedannnn"]
[Black "azikom"]
[Result "0-1"]
[WhiteElo "2498"]
[BlackElo "2641"]
[TimeControl "180+1"]
[EndTime "11:07:36 PDT"]
[Termination "azikom won by resignation"]

1. e4 c5 2. Nf3 e6 3. b3 Nc6 4. Bb2 b6 5. Be2 Bb7 6. O-O Nf6 7. e5 Nd5 8. c4 Nf4 9. Re1 Nxe2+ 10. Qxe2 Be7 11.
Nc3 O-O 12. Ne4 Re8 13. Rad1 Nb4 14. d4 Bxe4 15. Qxe4 Nxa2 16. d5 Nb4 17. d6 Bf8 18. h4 Nc6 19. Ng5 g6 20. Qg4 Bg7 21. Qf4 Rf8 22.
Ne4 Kh8 23. h5 gxh5 24. Rd3 Nd4 25. Nf6 Bxf6 26. exf6 Rg8 27. Rh3 Rg4 28. Qh6 Qg8 29.
Qxh5 Rxg2+ 30. Kh1 Rg5 31. Qh6 Qg6 32. Qxg6 Rxg6 33. Re4 Rag8 34. Rg3 Rxg3 35. fxg3 Nf5 36.
Be5 Rxg3 37. b4 Re3 38. Rxe3 Nxe3 39. bxc5 bxc5 40. Bh2 Nxc4 41. Bg1 Nxd6 42. Bxc5 Nc8 43. Kg2 h5 44. Kg3 Kh7 0-1